 Dungeon Crawl Stone Soup version 0.32-a0-607-g64ea0e4219 (webtiles) character file.

Game seed: 17351583369248700207

658 dolemite99 the Skirmisher (level 7, -1/50 HPs)
             Began as a Coglin Hunter on Mar 4, 2024.
             Was an Initiate of Yredelemnul.
             Slain by a yak (11 damage)
             ... on level 4 of the Dungeon.
             The game lasted 00:05:29 (4575 turns).

dolemite99 the Skirmisher (Coglin Hunter)           Turns: 4575, Time: 00:05:29

Health: -1/50      AC:  4    Str: 11    XL:     7   Next: 55%
Magic:  7/7        EV: 12    Int:  9    God:    Yredelemnul [......]
Gold:   231        SH:  0    Dex: 19    Spells: 6/6 levels left

rFire   . . .        a - +2 sling {Shu}
rCold   . . .        d - +0 sling {Amala}
rNeg    . . .        c - +1 leather armour
rPois   .            (no helmet)
rElec   .            (no cloak)
rCorr   .            (no gloves)
SInv    .            (no boots)
Will    .....        (amulet unavailable)
Stlth   ++           (ring unavailable)
HPRegen 0.28/turn    (ring unavailable)
MPRegen 0.10/turn    (no gizmo)

%: no passive effects
@: wreathed by umbra, revved
A: off-hand wielding, slow wielding, warmup strikes, no jewellery
a: Invent Gizmo, Renounce Religion, Light the Black Torch, Recall Undead Harvest


You were on level 4 of the Dungeon.
You worshipped Yredelemnul.
Yredelemnul was noncommittal.
You visited 1 branch of the dungeon, and saw 5 of its levels.

You collected 231 gold pieces.

Inventory:

Hand Weapons
 a - a +2 sling (weapon) {Shu}
 d - a +0 sling (offhand) {Amala}
Missiles
 k - 17 boomerangs
Armour
 c - a +1 leather armour (worn)
 e - the +0 ring mail of Uwiunue {rElec rPois rC- Dex+4}
   (You found it on level 2 of the Dungeon)

   Dex+4:     It affects your dexterity (+4).
   rC-:       It makes you vulnerable to cold.
   rElec:     It insulates you from electricity.
   rPois:     It protects you from poison.
Magical Staves
 j - a staff of air
Jewellery
 g - a ring of poison resistance
Wands
 s - a wand of polymorph (8)
Scrolls
 b - a scroll of butterflies
 f - a scroll of vulnerability
 h - a scroll of teleportation
 i - 2 scrolls of immolation
 p - a scroll of fear
 q - a scroll of enchant weapon {unknown}
 r - 2 scrolls of amnesia
Potions
 l - a potion of heal wounds
 m - a potion of mutation {unknown}
 n - 2 potions of magic {unknown}
 o - a potion of brilliance {unknown}
 t - a potion of curing {unknown}


   Skills:
 - Level 2.0 Fighting
 + Level 8.2 Ranged Weapons
 - Level 1.7 Dodging
 - Level 0.7 Stealth


You had 6 spell levels left.
You didn't know any spells.
Your spell library contained the following spells:

 Spells                   Type           Power      Damage    Failure   Level
 Apportation              Tloc           0%         N/A       47%         1
 Necrotise                Necr           0%         1d4       47%         1
 Sting                    Conj/Alch      0%         1d3       47%         1
 Summon Small Mammal      Summ           0%         N/A       47%         1
 Blink                    Tloc           0%         N/A       63%         2
 Lesser Beckoning         Tloc           0%         N/A       63%         2
 Momentum Strike          Conj/Tloc      0%         3d8       63%         2
 Volatile Blastmotes      Fire/Tloc      0%         2d10      85%         3
 Fulminant Prism          Conj/Alch      0%         3d5       99%         4
 Iskenderun's Mystic Bla  Conj/Tloc      0%         2d3       99%         4
 Malign Gateway           Summ/Tloc      0%         N/A       100%        7
 Summon Horrible Things   Summ           0%         N/A       100%        8


Dungeon Overview and Level Annotations

Branches:
Dungeon (5/15)
 Temple: D:4-7

Altars:
Xom
Yredelemnul

Shops:
D:2 (


Innate Abilities, Weirdness & Mutations

You can wield a second weapon in your off-hand.
It takes a long time for you to wield or remove held weapons.
Your first few attacks do less damage.
You cannot equip rings or amulets.


Message History

You shoot a sling bullet.
The sling bullet hits the yak but does no damage.
The yak is moderately wounded.
The yak gores you.
Fire: a) +2 sling {Shu}
Press: ? - help, Q - select action, (/) - cycle Shift-Dir - straight line, f/p - yak
Aim: a yak (moderately wounded, lightly drained, umbra, 76% to hit)
You shoot a sling bullet.
The sling bullet closely misses the yak.
You shoot a sling bullet. The sling bullet hits the yak.
The yak is heavily wounded.
The yak gores you!
Fire: a) +2 sling {Shu}
Press: ? - help, Q - select action, (/) - cycle Shift-Dir - straight line, f/p - yak
Aim: a yak (heavily wounded, lightly drained, umbra, 76% to hit)
You shoot a sling bullet. The sling bullet hits the yak.
The yak is severely wounded.
You shoot a sling bullet. The sling bullet hits the yak.
The yak is almost dead.
The yak barely misses you.
Fire: a) +2 sling {Shu}
Press: ? - help, Q - select action, (/) - cycle Shift-Dir - straight line, f/p - yak
Aim: a yak (almost dead, lightly drained, umbra, 76% to hit)
You shoot a sling bullet. The sling bullet barely misses the yak.
You shoot a sling bullet.
The sling bullet hits the yak but does no damage.
The yak is almost dead.
The yak gores you!
* * * LOW HITPOINT WARNING * * *
Fire: a) +2 sling {Shu}
Press: ? - help, Q - select action, (/) - cycle Shift-Dir - straight line, f/p - yak
Aim: a yak (almost dead, lightly drained, umbra, 76% to hit)
You shoot a sling bullet. The sling bullet hits the yak.
The yak is almost dead.
You shoot a sling bullet.
The sling bullet hits the yak but does no damage.
The yak is almost dead.
The yak gores you!
You die...
Your body rises from the dead as a mindless zombie.

#............#..#....#.......
#............#..#....#......÷
#............#..#....##'####.
#............#..#..........#.
#............#..'Z.........#.
#............#'###..)##....#.
############....##...##Z...#.
#....#....#.....#.
#@...#....#.....#.
#Y...#....#.....#. ######*
#....############. ##≈≈≈≈≈##
###'##............ #≈≈~..≈≈#
#...#............ #≈~~☼~~≈##
#...+............ #≈~☼☼.~).#
##'##........<...
#≈~~.°.≈.####..........)....#
#≈§.~.≈≈....................#


You could see a yak (drained).

Vanquished Creatures
  An ogre (D:4)
  A phantom (D:5)
  Blork the orc (D:4)
  4 hounds
  A jelly (D:4)
  3 gnolls (D:4)
  3 adders
  2 white imps (D:5)
  A ribbon worm (D:2)
  2 dart slugs
  11 orcs
  5 ball pythons
  10 endoplasms
  6 hobgoblins
  A quokka (D:1)
  6 bats
  4 frilled lizards
  3 goblins
  11 kobolds
  7 rats
83 creatures vanquished.

Vanquished Creatures (collateral kills)
  An ogre (D:4)
  An orc priest (D:4)
  A gnoll (D:4)
  An orc (D:4)
  A hobgoblin (D:4)
  A quokka (D:5)
6 creatures vanquished.

Vanquished Creatures (others)
  A spectral white imp (D:5)
  A goblin zombie (D:4)
  3 orc zombies (D:5)
5 creatures vanquished.

Grand Total: 94 creatures vanquished

Notes
Turn   | Place    | Note
-------+----------+-------------------------------------------
     0 | D:1      | dolemite99 the Coglin Hunter began the quest for the Orb.
     0 | D:1      | Reached XP level 1. HP: 16/16 MP: 1/1
   200 | D:1      | Reached skill level 4 in Ranged Weapons
   200 | D:1      | Reached XP level 2. HP: 22/22 MP: 2/2
   837 | D:2      | Reached XP level 3. HP: 27/27 MP: 3/3
   972 | D:2      | Found Coopumit's Antique Weapon Shoppe.
  1134 | D:2      | Identified the +0 ring mail of Uwiunue {rElec rPois rC-
                  | Dex+4}
  1461 | D:3      | Reached skill level 5 in Ranged Weapons
  1461 | D:3      | Reached XP level 4. HP: 29/33 MP: 4/4
  1646 | D:3      | Found the +5 scythe "Finisher" {speed, execute}
  2049 | D:4      | Noticed Blork the orc
  2056 | D:4      | Killed Blork the orc
  2057 | D:4      | Reached XP level 5. HP: 24/38 MP: 5/5
  2067 | D:4      | Noticed an ogre
  2073 | D:4      | Killed an ogre
  2074 | D:4      | Reached skill level 6 in Ranged Weapons
  2251 | D:4      | Found a basalt altar of Yredelemnul.
  2261 | D:4      | Reached XP level 6. HP: 39/44 MP: 6/6
  2571 | D:4      | Reached skill level 7 in Ranged Weapons
  2639 | D:4      | Became a worshipper of Yredelemnul the Fallen
  2708 | D:4      | Reached XP level 7. HP: 26/50 MP: 7/7
  3137 | D:4      | Found a shimmering altar of Xom.
  3513 | D:5      | Entered Level 5 of the Dungeon
  3827 | D:5      | Reached skill level 8 in Ranged Weapons
  4545 | D:5      | Noticed a yak
  4545 | D:5      | Noticed a yak
  4545 | D:5      | Noticed a yak
  4545 | D:5      | Noticed a yak
  4546 | D:5      | Noticed a yak
  4550 | D:5      | Noticed a yak
  4575 | D:4      | Slain by a yak

Illustrated notes

Levels and vault maps discovered:
D:1:      saegor_arrival_fortress, layout_loops_ring
D:2:      layout_basic, serial_shops, nicolae_shop_back_alley_shop
D:3:      layout_loops_ring
D:4:      layout_gridville, nicolae_overflow_crystal_walls, xom_confusion_cloud,
          grunt_decor_resistance, uniq_blork_the_orc
D:5:      layout_gridville, bh_walls_and_bars, uniq_crazy_yiuf_cottage

Skill      XL: |  1  2  3  4  5  6  7 |
---------------+----------------------+-----
Ranged Weapons | 4 5 6 7 8 |  8.2
Fighting       | |  2.0
Dodging        | |  1.7
Stealth        | |  0.7

Action                     |  1- 3 |  4- 6 |  7- 9 || total
---------------------------+-------+-------+-------++-------
   Fire: Sling             |   144 |   178 |   120 ||   442
    Use: Scroll            |     6 |     3 |       ||     9
 Armour: Leather armour    |     9 |    10 |    21 ||    40
  Dodge: Dodged            |    18 |    25 |    21 ||    64

Table legend: (Time is in decaauts)
 A = Elapsed time spent in this place.
 B = Non-inter-level travel time spent in this place.
 C = Inter-level travel time spent in this place.
 D = Time resting spent in this place.
 E = Time spent auto-exploring this place.
 F = Levels seen in this place.
 G = Mean time per level.
                   A        B        C        D        E       F      G
               +--------+--------+--------+--------+--------+-----+--------+
         Total |   4605 |   4451 |    154 |   1185 |   2619 |   5 |  921.0 |
       Dungeon |   4605 |   4451 |    154 |   1185 |   2619 |   5 |  921.0 |
               +--------+--------+--------+--------+--------+-----+--------+

Top non-repeatable levels by time:
     D:4: 1511 daAuts
     D:5: 1055 daAuts
     D:1: 699 daAuts
     D:3: 684 daAuts
     D:2: 654 daAuts
